 Dungeon Crawl Stone Soup version 0.23-a0-650-ga4d50d4 (webtiles) character file.

3204 phosby the Cleaver (level 9, -5/58 HPs)
             Began as an Octopode Chaos Knight on Jan 3, 2019.
             Was a Plaything of Xom.
             Slain by a hippogriff (6 damage)
             ... on level 8 of the Dungeon.
             The game lasted 00:15:49 (8137 turns).

phosby the Cleaver (Octopode Chaos Knight)          Turns: 8137, Time: 00:15:50

Health: -5/58      AC:  1    Str: 12    XL:     9   Next: 96%
Magic:  9/9        EV: 18    Int: 14    God:    Xom [.*....]
Gold:   13         SH:  5    Dex: 18    Spells: 8/8 levels left

rFire    . . .     SeeInvis .   q - +3 whip of the Wolf {freeze, rPois rN+}
rCold    . . .     Gourm    .   D - +0 buckler
rNeg     + . .     Faith    .   (helmet restricted)
rPois    +         Spirit   .   (no amulet)
rElec    .         Reflect  .   h - +4 ring of dexterity
rCorr    .         Harm     .   (no ring)
MR       .....                  (no ring)
Stlth    +++++.....             (no ring)
HPRegen  0.19/turn              (no ring)
MPRegen  0.11/turn              (no ring)
                                (no ring)
                                (no ring)

@: drained
A: almost no armour, stealthy swim, amphibious, 8 rings, constrict 8, camouflage
1, poison resistance, screaming 1, wild magic 1, gelatinous body 1
a: Renounce Religion


You were on level 8 of the Dungeon.
You worshipped Xom.
You were a plaything of Xom.
You were not hungry.

You visited 1 branch of the dungeon, and saw 8 of its levels.

You collected 343 gold pieces.
You spent 330 gold pieces at shops.

Inventory:

Hand Weapons
 a - a +0 hand axe of chaos
 q - the +3 whip of the Wolf (weapon) {freeze, rPois rN+}
   (You found it on level 4 of the Dungeon)

   It has been specially enchanted to freeze those struck by it, causing extra
   injury to most foes and up to half again as much damage against particularly
   susceptible opponents.
   It can also slow down cold-blooded creatures.
   It protects you from poison.
   It protects you from negative energy.
 y - a +3 trident
Missiles
 m - a throwing net (quivered)
 r - 5 javelins
Armour
 c - a +0 buckler
 D - a +0 buckler (worn)
Jewellery
 h - a +4 ring of dexterity (left tentacle)
Wands
 w - a wand of iceblast (9)
 z - a wand of acid (2)
 B - a wand of disintegration (19)
Scrolls
 d - 2 scrolls of magic mapping {unknown}
 e - 2 scrolls of fear
 f - 2 scrolls of remove curse
 g - 4 scrolls of teleportation
 l - a scroll of brand weapon
 v - a scroll of noise {unknown}
 x - a scroll of immolation
 C - 3 scrolls of enchant weapon
 E - 2 scrolls of blinking
Potions
 i - a potion of agility
 j - 3 potions of cancellation
 k - 3 potions of curing
 n - 2 potions of flight
 o - a potion of brilliance {unknown}
 p - a potion of ambrosia
 s - 2 potions of magic
 t - 3 potions of haste
Comestibles
 b - 14 rations
 u - 2 chunks of flesh


   Skills:
 - Level 4.1(3.9) Fighting
 + Level 9.8(9.7) Axes
 - Level 1.1(6.1) Maces & Flails
 + Level 7.4(7.3) Dodging
 - Level 7.0(6.9) Stealth
 + Level 3.3(3.1) Shields


You had 8 spell levels left.
You didn't know any spells.
Your spell library contained the following spells:

 Spells                   Type           Power        Failure   Level  Hunger
 Infusion                 Chrm           #...         41%         1    ##.....
 Magic Dart               Conj           #...         41%         1    ##.....
 Blink                    Tloc           N/A          52%         2    ###....
 Call Imp                 Summ           #.......     52%         2    ###....
 Shroud of Golubria       Chrm/Tloc      #.........   52%         2    ###....
 Slow                     Hex            #.......     52%         2    ###....
 Song of Slaying          Chrm           #.......     52%         2    ###....
 Conjure Flame            Conj/Fire      #.......     75%         3    ####...
 Mephitic Cloud           Conj/Pois/Air  #.......     75%         3    ####...
 Regeneration             Chrm/Necr      #.........   75%         3    ####...
 Spectral Weapon          Hex/Chrm       #.......     75%         3    ####...
 Deflect Missiles         Chrm/Air       #.........   100%        6    #######
 Freezing Cloud           Conj/Ice/Air   #.........   100%        6    #######
 Simulacrum               Ice/Necr       #.........   100%        6    #######


Dungeon Overview and Level Annotations

Branches:
Dungeon (8/15)             Temple (0/1) D:6
   Lair: D:8-11

Altars:
Fedhas
Gozag
Makhleb
Vehumet
Wu Jian
Xom
Yredelemnul

Shops:
D:7 :   D:8 ?

Annotations:
D:2 1 runed door
D:7 exclusion: downstairs


Innate Abilities, Weirdness & Mutations

You cannot wear most types of armour.
You are very stealthy in the water. (Stealth+)
You are amphibious.
You can wear up to eight rings at the same time.
You can use your tentacles to constrict eight enemies at once.
Your skin changes colour to match your surroundings (Stealth+).
Your rubbery body absorbs attacks. (AC +1, EV +1)
Your system is resistant to poisons. (rPois)
You occasionally shout uncontrollably at your foes.
Your spells are a little harder to cast, but a little more powerful.


Message History

You are too injured to fight recklessly!
You barely miss the hippogriff.
The hippogriff is almost dead.
The hippogriff closely misses you.
The hippogriff completely misses you. x2
You closely miss the hippogriff. Your squeeze misses the hippogriff.
The hippogriff is almost dead.
The hippogriff bites you. The hippogriff pecks you.
You block the hippogriff's attack.
You hit the hippogriff. You freeze the hippogriff. You squeeze the hippogriff.
The hippogriff is almost dead.
The hippogriff bites you! The hippogriff misses you. The hippogriff claws you!
* * * LOW HITPOINT WARNING * * *
You barely miss the hippogriff.
The hippogriff is almost dead.
You hit the hippogriff but do no damage.
The hippogriff is almost dead.
The hippogriff bites you!
* * * LOW HITPOINT WARNING * * *
You block the hippogriff's attack. The hippogriff claws you.
You die...

#..##. #. ##. ##....# ##. #..
#..#..# ##.. ##.. ####### #.#
...#.. #....###>.. ......# #.#
.#.#.# #..#.#.#... ......# #.#
.#.#.# ###..#. ###. ......# #.#
##.#...# #..#..# ##⌠
......###.###.##...####..#.####))
..............#H@#..#.#.....##..)
...)..###.##....###.....8.8...)##
......# #.###.#..#..#.#.....#####
......# #.# #.##...####..#.### .
......###H# ##)#...# #..#..#.# .#
#######...# #.#.#.#####..#.## .
#<### #.#.#.#.##..#.#.# ##.#
#...#...##....### #..#
##..#..####...##


You could see a hippogriff.

Vanquished Creatures
  Grinder (D:3)
  A hippogriff (D:7)
  Sigmund (D:3)
  A hungry ghost (D:4)
  Menkaure (D:4)
  2 sky beasts (D:6)
  A phantom (D:7)
  A black bear (D:6)
  A necrophage (D:6)
  An orc warrior (D:7)
  An ogre (D:3)
  2 centaurs (D:7)
  A wyvern zombie (D:8)
  A bullfrog (D:6)
  A scorpion (D:4)
  5 wights (D:8)
  2 howler monkeys
  2 crimson imps
  A centaur zombie (D:5)
  4 hounds
  A quasit (D:7)
  A bullfrog zombie (D:5)
  A centaur skeleton (D:6)
  2 orc priests
  2 jellies
  5 iguanas
  6 worker ants
  Natasha (twice) (D:4)
  3 orc wizards
  A hound zombie (D:5)
  2 hound skeletons
  3 worker ant zombies
  3 gnolls (D:2)
  10 adders
  3 shadow imps
  4 worms
  3 dart slugs
  6 leopard geckos
  14 orcs
  9 giant cockroaches
  6 goblins
  4 hobgoblins
  9 jackals
  4 kobolds
  3 quokkas
  2 ball pythons
  12 bats
  3 frilled lizards
  2 leopard gecko skeletons (D:6)
  2 rats (D:1)
  A spectral orc (D:7)
160 creatures vanquished.

Vanquished Creatures (others)
  A giant cockroach (D:1)
1 creature vanquished.

Grand Total: 161 creatures vanquished

Notes
Turn   | Place    | Note
-------+----------+-------------------------------------------
     0 | D:1      | phosby the Octopode Chaos Knight began the quest for the
                  | Orb.
     0 | D:1      | Reached XP level 1. HP: 16/16 MP: 1/1
   107 | D:1      | XOM: butterfly on damage
   108 | D:1      | Reached XP level 2. HP: 5/21 MP: 2/2
   478 | D:1      | XOM: harmless Fire miscast
   717 | D:2      | Reached XP level 3. HP: 23/26 MP: 3/3
  1037 | D:2      | XOM: harmless Air miscast
  1285 | D:2      | XOM: divination: detect creatures
  1362 | D:2      | Found a runed door.
  1422 | D:2      | Reached skill level 1 in Stealth
  1452 | D:2      | Reached XP level 4. HP: 33/33 MP: 4/4
  2067 | D:2      | XOM: harmless Hex miscast
  2212 | D:3      | Noticed an ogre
  2213 | D:3      | Noticed Grinder
  2215 | D:3      | XOM: butterfly on damage
  2227 | D:3      | XOM: divination: magic mapping
  2232 | D:3      | XOM: enchant monster (bad)
  2232 | D:3      | Killed an ogre
  2232 | D:3      | Reached skill level 4 in Axes
  2232 | D:3      | Reached XP level 5. HP: 14/37 MP: 5/5
  2243 | D:3      | XOM: butterfly on damage
  2244 | D:3      | Killed Grinder
  2244 | D:3      | Reached skill level 5 in Axes
  2244 | D:3      | Reached skill level 5 in Stealth
  2244 | D:3      | Reached XP level 6. HP: 24/43 MP: 6/6
  2455 | D:3      | Noticed Sigmund
  2463 | D:3      | XOM: confusion (+ monsters)
  2466 | D:3      | Killed Sigmund
  2466 | D:3      | Reached XP level 7. HP: 40/48 MP: 7/7
  3187 | D:4      | XOM: noise
  3199 | D:4      | Reached skill level 6 in Axes
  3229 | D:4      | XOM: mild Chrm miscast
  3245 | D:4      | Noticed Natasha
  3253 | D:4      | Killed Natasha
  3327 | D:4      | XOM: stat loss: -1 Int (13/14)
  3509 | D:4      | Noticed a hungry ghost
  3533 | D:4      | Killed a hungry ghost
  3533 | D:4      | Reached XP level 8. HP: 29/54 MP: 8/8
  3599 | D:4      | XOM: silly message
  3760 | D:4      | Found a burning altar of Makhleb.
  3886 | D:4      | XOM: noise
  4004 | D:4      | Got a bloodstained whip
  4005 | D:4      | Identified the cursed +3 whip of the Wolf {freeze, rPois
                  | rN+} (You found it on level 4 of the Dungeon)
  4128 | D:4      | Noticed Menkaure
  4133 | D:4      | Killed Menkaure
  4133 | D:4      | Reached skill level 7 in Axes
  4297 | D:4      | XOM: harmless Tloc miscast
  4416 | D:4      | Noticed Natasha
  4445 | D:4      | Killed Natasha
  4450 | D:4      | Found a faded altar of an unknown god.
  4450 | D:4      | Found a faded altar of an unknown god.
  4456 | D:4      | Found a shimmering altar of Xom.
  4458 | D:4      | Found an opulent altar of Gozag.
  4460 | D:4      | Found a radiant altar of Vehumet.
  4507 | D:5      | Entered Level 5 of the Dungeon
  4536 | D:5      | Reached skill level 1 in Shields
  4914 | D:5      | Reached skill level 1 in Maces & Flails
  5049 | D:5      | Identified the Handbook of Good Luck and Cold
  5235 | D:5      | XOM: silly message
  5264 | D:6      | XOM: harmless Pois miscast
  5286 | D:6      | Found a staircase to the Ecumenical Temple.
  5293 | D:6      | Reached skill level 8 in Axes
  5652 | D:6      | Reached skill level 5 in Dodging
  5652 | D:6      | Reached XP level 9. HP: 55/57 MP: 9/9
  5692 | D:6      | Found an opulent altar of Gozag.
  5798 | D:6      | Reached skill level 9 in Axes
  5917 | D:6      | Found a blossoming altar of Fedhas.
  5920 | D:6      | XOM: fake destruction
  6199 | D:7      | Found an ornate altar of the Wu Jian Council.
  6410 | D:7      | Found Uziaforr's Book Boutique.
  6554 | D:7      | XOM: noise
  6623 | D:7      | Got a warped cloak
  6628 | D:7      | XOM: summons friendly ufetubus
  6907 | D:7      | XOM: harmless Necr miscast
  7087 | D:7      | Found a basalt altar of Yredelemnul.
  7320 | D:8      | XOM: 1-stop teleportation journey
  7485 | D:7      | XOM: harmless Erth miscast
  7757 | D:8      | XOM: swap monsters
  7772 | D:8      | Gained mutation: Scrolls take you a little longer to read.
                  | [potion of mutation]
  7772 | D:8      | Gained mutation: You are partially covered in slimy green
                  | scales. (AC +2) [potion of mutation]
  7773 | D:8      | Lost mutation: Scrolls take you a little longer to read.
                  | [potion of mutation]
  7773 | D:8      | Lost mutation: You are partially covered in slimy green
                  | scales. (AC +2) [potion of mutation]
  7773 | D:8      | Gained mutation: Your spells are a little harder to cast,
                  | but a little more powerful. [potion of mutation]
  7773 | D:8      | Gained mutation: You occasionally shout uncontrollably at
                  | your foes. [potion of mutation]
  7773 | D:8      | Gained mutation: Your system is resistant to poisons.
                  | (rPois) [potion of mutation]
  7828 | D:8      | Found Xalatt's Magic Scroll Boutique.
  7872 | D:8      | XOM: harmless Tmut miscast
  7876 | D:8      | Bought a scroll of blinking for 90 gold pieces
  7876 | D:8      | Bought a scroll of brand weapon for 240 gold pieces
  7907 | D:8      | XOM: mild Tmut miscast
  8137 | D:8      | HP: 1/58 [hippogriff (10)]
  8137 | D:8      | Slain by a hippogriff

Vault maps used:
D:1:      wander_arrival_chamber
D:2:      palyth_stone_intersect, uniq_crazy_yiuf_cottage, uniq_jessica
D:3:      first_ration, uniq_sigmund, uniq_grinder
D:4:      chequers_temple_overflow_minitemple, bloody_makhleb, uniq_menkaure,
          uniq_natasha
D:5:      serial_glass, glass_columns_b, glass_columns_b, glass_columns_a,
          glass_columns_b, glass_columns_b, glass_columns_a, glass_columns_b,
          glass_columns_c, item_on_display_a, minmay_strange_pillars,
          feat_on_display
D:6:      lemuel_crystal_altar, minmay_temple_entry_junction, basic_altar
D:7:      old_standard_altar, yredelemnul_forgotten_temple_becter, serial_shops,
          kennysheep_little_box
D:8:      wad_crossroads, marbit_many_paths, serial_shops, shop_fountains

Skill      XL: |  1  2  3  4  5  6  7  8  9 |
---------------+----------------------------+-----
Stealth        | 1 3 5 6 7 |  7.0
Fighting       | 4 |  4.1
Axes           | 4 5 6 8 9 |  9.8
Dodging        | 3 5 7 |  7.4
Shields        | 1 3 |  3.3
Maces & Flails | 1 |  1.1

Action                   |  1- 3 |  4- 6 |  7- 9 || total
-------------------------+-------+-------+-------++-------
Melee: Hand axe          |    56 |    32 |   100 ||   188
       Constrict         |    15 |     9 |    72 ||    96
       Tentacles         |     7 |     4 |    98 ||   109
       Whip              |       |       |   277 ||   277
  Use: Potion            |       |     3 |     4 ||     7
       Scroll            |       |       |    12 ||    12
 Stab: Sleeping          |    12 |     3 |    25 ||    40
       Distracted        |       |       |     5 ||     5
       Paralysed         |       |       |     1 ||     1
       Confused          |       |       |     3 ||     3
  Eat: Chunk             |     2 |     3 |    20 ||    25
Armor: Skin              |     6 |     1 |    13 ||    20
Dodge: Dodged            |    26 |    23 |   218 ||   267
Block: Buckler           |       |       |    49 ||    49

Table legend:
 A = Non-vault XP
 B = Vault XP
 C = Vault XP percentage of total XP
 D = Non-vault monster count
 E = Vault monster count
 F = Vault count percentage of total count
                 A         B        C        D         E       F
            +---------+---------+-------+---------+---------+-------
      Total |    3850 |     728 |  15.9 |     155 |       6 |   3.7
            +---------+---------+-------+---------+---------+-------
        D:1 |      28 |       0 |   0.0 |      15 |       0 |   0.0
        D:2 |     102 |       0 |   0.0 |      23 |       0 |   0.0
        D:3 |     168 |     517 |  75.5 |      14 |       2 |  12.5
        D:4 |     553 |     207 |  27.2 |      26 |       2 |   7.1
        D:5 |     235 |       0 |   0.0 |      12 |       0 |   0.0
        D:6 |     936 |       0 |   0.0 |      20 |       0 |   0.0
        D:7 |    1175 |       1 |   0.1 |      25 |       1 |   3.8
        D:8 |     653 |       3 |   0.5 |      20 |       1 |   4.8
            +---------+---------+-------+---------+---------+-------
